AoeStats
← josiahkane

Arena

507559942Analyzed
1v1 RM · 15d ago on Sep 18, 2026· 34m 3s· 2 players
Game mode
Random Map
Map size
Tiny (2 player)
Population
200
Speed
Normal
Resources
Standard
Victory
Conquest
Starting age
Dark Age
Ending age
Imperial Age
RankedLock teamsTeams togetherTeam positionsShared explorationLock speedFull tech treeHidden civsTurbo modeCheats
Victory
Defeat
🇩🇪 Cumans · Germany
882
+17
🇬🇧 Armenians · United Kingdom
904
-17
FLO57
3:24 Loom
9:14 Feudal Age
14:19 Double-Bit Axe
17:15 Horse Collar
21:24 Castle Age
20:06 Stone Mining
21:52 Wheelbarrow
26:21 Bloodlines
27:17 Fletching
31:51 Herbal Medicine
josiahkane
10:38 Feudal Age
11:16 Double-Bit Axe
12:47 Man-at-Arms
14:31 Loom
14:52 Long Swordsman
19:10 Castle Age
18:28 Scale Mail Armor
19:18 Two-Handed Swordsman
20:13 Forging
26:35 Loom
31:46 Fletching
35:46 Imperial Age
33:39 Bodkin Arrow
Connection lost

Rejoining the realm…

Still unreachable

The connection could not be restored.

Session expired

The server has moved on; the page needs a fresh start.